 Dungeon Crawl Stone Soup version 0.29.0-15-g675c0067aa (webtiles) character file.

Game seed: 10185173490185528823

109333 qw the Warrior (level 16, -5/162 HPs)
             Began as a Minotaur Berserker on Sept 11, 2022.
             Was an Elder of Trog.
             Slain by a merfolk
             ... wielding a +0 trident
             ... led by Ilsuiw
              (12 damage)
             ... on level 2 of the Shoals.
             The game lasted 00:11:53 (35512 turns).

qw the Warrior (Minotaur Berserker)                Turns: 35512, Time: 00:11:53

Health: -5/162     AC: 29    Str: 35    XL:     16   Next: 4%
Magic:  0/15       EV: 12    Int:  4    God:    Trog [****..]
Gold:   1319       SH:  7    Dex: 11    Spells: 15/15 levels left

rFire   + . .      SeeInvis .   Y - +6 war axe (vorpal)
rCold   + . .      Faith    .   d - +0 buckler
rNeg    . . .      Spirit   +   z - +3 plate armour {rF+}
rPois   +          Reflect  .   a - +0 hat of the Buccaneer {rC+}
rElec   .          Harm     .   x - +2 cloak
rCorr   .          Rampage  .   m - +0 pair of gloves
Will    .....                   o - +1 pair of boots {Fly}
Stlth   ..........              b - amulet of guardian spirit
HPRegen 0.37/turn               l - ring of poison resistance
MPRegen 0.14/turn               p - +6 ring of strength

@: about to teleport, weak-willed, on berserk cooldown, flying, mesmerised,
slowed, very slow
A: horns 2, retaliatory headbutt
a: Renounce Religion, Berserk, Trog's Hand, Brothers in Arms


You were on level 2 of the Shoals.
You worshipped Trog.
Trog was greatly pleased with you.
You visited 4 branches of the dungeon, and saw 24 of its levels.

You collected 2955 gold pieces.
You spent 1636 gold pieces at shops.


Innate Abilities, Weirdness & Mutations

You have a pair of horns on your head.
You reflexively headbutt those who attack you in melee.


   Skills:
 + Level 19.8 Fighting
 - Level 16.2 Axes
 - Level 4.1 Throwing
 - Level 18.0 Armour
 - Level 9.0 Dodging
 - Level 12.0 Shields


You had 15 spell levels left.
You didn't know any spells.
Your spell library was empty.

Inventory:

Hand Weapons
 u - a +0 morningstar
 Y - a +6 vorpal war axe (weapon)
Missiles
 i - 18 boomerangs (quivered)
Armour
 a - the +0 hat of the Buccaneer (worn) {rC+}
   (You acquired it on level 1 of the Orcish Mines)

   rC:        It protects you from cold.
 d - a +0 buckler (worn)
 m - a +0 pair of gloves (worn)
 o - a +1 pair of boots of flying (worn)
 t - a +2 hat
 x - a +2 cloak (worn)
 z - a +3 plate armour of fire resistance (worn)
Jewellery
 b - an amulet of guardian spirit (around neck)
 l - a ring of poison resistance (left hand)
 p - a +6 ring of strength (right hand)
Scrolls
 e - 11 scrolls of identify
 n - 8 scrolls of teleportation
Potions
 c - 7 potions of haste
 f - 3 potions of might
 g - 9 potions of curing
 h - 6 potions of mutation
 k - 3 potions of cancellation
 s - 3 potions of resistance

Dungeon Overview and Level Annotations

Branches:
Dungeon (15/15)            Temple (0/1) D:7            Lair (5/5) D:10
 Shoals (2/4) Lair:3       Spider (0/4) Lair:2        Slime (0/5) Lair:5
    Orc (2/2) D:9             Elf (0/3) Orc:2        Vaults (0/5) D:14
 Depths (0/4) D:15

Altars:
Cheibriados
Gozag
Okawaru
Trog
Vehumet
Yredelemnul
The Shining One
Jiyva

Shops:
D:11 *   Orc:1 ([*   Orc:2 *[*:

Portals:
Pandemonium: Orc:2

Annotations:
D:7 3 runed translucent doors, qw's ghost, novice MiBe
D:14 1 runed translucent door, Wociock's ghost, journeyman DgHW
Lair:1 2 transporters
Shoals:2 Ilsuiw


Message History

You headbutt the sea snake.
Ilsuiw mumbles some strange words.
Ilsuiw flickers and vanishes!
Deactivating autopickup; reactivate with Ctrl-A.
The faun hits you with a +0 spear.
The merfolk siren chants its luring song.
The water elemental barely misses you. The merfolk closely misses you.
The merfolk hits you but does no damage.
The merfolk siren chants its luring song.
You slice the water elemental!!
You destroy the water elemental!
The water elemental disappears in a puff of smoke!
You gasp with relief as air once again reaches your lungs.
You slash the sea snake! You hit the faun. You slice the faun!!
You kill the faun!
Trog accepts your kill.
Trog appreciates your killing of a magic user.
You hear a splash. x2
The merfolk siren chants its luring song.
You block the sea snake's attack.
The faun splashes around in the water.
Something hits you. Something freezes you.
The merfolk siren chants its luring song.
The merfolk hits you but does no damage.
The merfolk closely misses you.
The merfolk siren chants its luring song. x2
35511 ||| READING 9 scrolls of teleportation.
As you read the scroll of teleportation, it crumbles to dust.
You feel strangely unstable. The sea snake closely misses you.
You furiously retaliate!
You headbutt the sea snake! The faun hits you but does no damage.
Something hits you.
The merfolk hits you from afar with a +0 trident.
The merfolk barely misses you. You block the sea snake's attack.
The merfolk siren chants its luring song. x2
The faun splashes around in the water.
Something hits you but does no damage.
You slash the faun! Your headbutt misses the faun.
The faun is severely wounded.
You miss the sea snake.
The merfolk hits you from afar with a +0 trident! x2
You die...

~~~~~~~~~~~~~~~~~~~~~~~
~~~~~~~~~~~~~~~~~~~~~~~~
~~~~~~~~~~~~~~~~~~~~~~~~
~~~~~~~~~~~~~~~~~~~~~~~~
~~~~~~~~~~~~~~~~~~~~~~~~
~~~~~~~~~~~~~~~~~~~~~~~~
~~~~~~~~~~~~~~~~~~~~~~~~
~~~~~~~~~~~~~~~~~~~~~~~~
~~~~~~c@~~~~~~~~~~~~~~~~
~~~~~~)~S~~~~~~~~~~~~~~~
~~~~~m{m~~~~~~~~~~~~~~~~
~~~~~~mm.~~~~~~~~~~~~~~~
~~~~~~~.~~~~.~~~~P~~~~~~
~~~~.m...~~...~~~~~~~P~~
~~~~~...~~~...~~ PP
~~~~~...~....~~ P~ ~P


You could see a sea snake, 2 merfolk, a faun and 3 merfolk sirens.

Vanquished Creatures
  Jorgrun (Shoals:1)
  Mlioglotl (Shoals:2)
  Frances (Shoals:2)
  Snorg (Lair:4)
  5 merfolk impalers
  A merfolk javelineer (Shoals:1)
  A fire dragon (D:15)
  A vault guard (D:14)
  3 boulder beetles
  2 hydras
  An ice dragon (D:15)
  An alligator snapping turtle (Shoals:2)
  2 merfolk avatars
  2 demonspawn (Orc:2)
  2 catoblepae
  2 merfolk aquamancers (Shoals:1)
  6 two-headed ogres
  3 centaur warriors
  A satyr (Shoals:2)
  2 death knights
  3 death yaks (D:10)
  5 orc high priests (Orc:2)
  A goliath frog (Lair:5)
  10 sea snakes
  A deep elf pyromancer (D:15)
  9 harpies
  5 oklob plants (Lair:5)
  3 fauns (Shoals:2)
  4 orc knights (Orc:2)
  8 orc sorcerers
  7 manticores
  6 cyclopes
  Maurice (D:8)
  6 black mambas
  4 ugly things
  18 elephants
  2 merfolk sirens (Shoals:2)
  A gargoyle (D:12)
  14 cane toads
  2 rime drakes
  2 unseen horrors
  2 tengu conjurers
  2 efreet (D:15)
  2 ice devils (Orc:2)
  11 komodo dragons
  2 freezing wraiths
  9 trolls
  3 wind drakes (Shoals:1)
  2 red devils (Orc:2)
  13 merfolk
  4 meliai
  A polar bear (Lair:5)
  9 slime creatures
  17 blink frogs
  2 tyrant leeches (Lair:5)
  4 snapping turtles
  A spriggan (D:9)
  7 water elementals
  A snapping turtle (shapeshifter) (D:14)
  5 wraiths
  A vampire (D:10)
  5 wyverns
  4 basilisks
  36 yaks
  Eustachio (D:4)
  A chaos spawn (Orc:2)
  9 vampire mosquitoes
  3 steam dragons
  2 wargs (Orc:1)
  An acid dragon (D:12)
  Duvessa (D:7)
  6 water moccasins
  28 orc warriors
  3 ice beasts
  2 sky beasts (D:7)
  5 black bears
  6 ogres
  9 wolves
  4 centaurs
  A kobold brigand (D:10)
  19 bullfrogs
  2 gnoll sergeants
  A necrophage (D:7)
  3 scorpions (D:5)
  20 wights
  Dowan (D:7)
  2 electric eels (Lair:5)
  3 howler monkeys (D:10)
  3 gnoll boudas
  30 orc priests
  3 hounds
  3 jellies
  6 hell rats
  7 iguanas
  19 orc wizards
  19 gnolls
  11 adders
  2 river rats (D:10)
  A shadow imp (D:5)
  An ufetubus (D:6)
  A worm (D:4)
  3 dart slugs
  73 orcs
  6 endoplasms
  3 giant cockroaches
  6 goblins
  8 hobgoblins
  6 jackals
  8 quokkas
  8 ball pythons
  8 bats
  6 frilled lizards
  13 kobolds
  10 rats
  A butterfly (Lair:1)
692 creatures vanquished.

Vanquished Creatures (collateral kills)
  3 hydras
  A vampire mosquito (Lair:5)
  3 orc warriors (Orc:2)
7 creatures vanquished.

Vanquished Creatures (others)
  An orc (D:9)
  16 fungi
  122 plants
139 creatures vanquished.

Grand Total: 838 creatures vanquished

Notes
Turn   | Place    | Note
-------+----------+-------------------------------------------
     0 | D:1      | qw the Minotaur Berserker began the quest for the Orb.
     0 | D:1      | Reached XP level 1. HP: 19/19 MP: 0/0
     0 | D:1      | 0 ||| qw: Version: 0.1-a-119-g272c26d
     0 | D:1      | 0 ||| qw: Game counter: 10707
     0 | D:1      | 0 ||| qw: Always use a shield: true
     0 | D:1      | 0 ||| qw: Do Orc after D:15 true
     0 | D:1      | 0 ||| qw: Do second Lair branch before Depths: true
     0 | D:1      | 0 ||| qw: Lair rune preference: random
     0 | D:1      | 0 ||| qw: Plans: Normal
     0 | D:1      | 0 ||| PLANNING D:1-11
   123 | D:1      | 123 ||| Stepping ~*~*~tactically~*~*~ (hiding).
   127 | D:1      | 127 ||| INVOKING Berserk.
   129 | D:1      | HP: 5/28 [dart slug/slug dart (4)]
   467 | D:1      | Reached XP level 2. HP: 17/26 MP: 1/1
   675 | D:1      | 675 ||| Stepping ~*~*~tactically~*~*~ (stealth).
   678 | D:1      | 678 ||| Stepping ~*~*~tactically~*~*~ (stealth).
   680 | D:1      | 680 ||| Stepping ~*~*~tactically~*~*~ (stealth).
   682 | D:1      | 682 ||| Stepping ~*~*~tactically~*~*~ (stealth).
  1210 | D:1      | 1210 ||| UPGRADING to +0 ring mail.
  1220 | D:1      | 1220 ||| DROPPING +0 animal skin.
  1221 | D:1      | 1221 ||| UPGRADING to +0 chain mail.
  1231 | D:1      | 1231 ||| DROPPING +0 ring mail.
  1232 | D:1      | 1232 ||| UPGRADING to ring of poison resistance.
  1233 | D:1      | 1233 ||| READING scroll labelled ZIWKEO DIJANK.
  1234 | D:1      | 1234 ||| READING scroll labelled RARHIO HONAFFA.
  1237 | D:1      | 1237 ||| READING scroll labelled JIUCWEPPEB.
  1238 | D:1      | 1238 ||| READING scroll labelled KULEPON NOENG.
  1291 | D:2      | 1291 ||| Stepping ~*~*~tactically~*~*~ (hiding).
  1292 | D:2      | 1292 ||| Stepping ~*~*~tactically~*~*~ (hiding).
  1300 | D:2      | Reached XP level 3. HP: 31/31 MP: 2/2
  1655 | D:2      | 1655 ||| Stepping ~*~*~tactically~*~*~ (stealth).
  1718 | D:2      | 1718 ||| Stepping ~*~*~tactically~*~*~ (stealth).
  1719 | D:2      | 1719 ||| Stepping ~*~*~tactically~*~*~ (stealth).
  1740 | D:2      | 1740 ||| Stepping ~*~*~tactically~*~*~ (stealth).
  1741 | D:2      | 1741 ||| Stepping ~*~*~tactically~*~*~ (stealth).
  1781 | D:2      | Reached ** piety under Trog
  1786 | D:2      | 1786 ||| Stepping ~*~*~tactically~*~*~ (stealth).
  1790 | D:2      | 1790 ||| Stepping ~*~*~tactically~*~*~ (stealth).
  1791 | D:2      | 1791 ||| Stepping ~*~*~tactically~*~*~ (stealth).
  1792 | D:2      | 1792 ||| Stepping ~*~*~tactically~*~*~ (stealth).
  1794 | D:2      | Reached XP level 4. HP: 37/39 MP: 3/3
  1794 | D:2      | 1794 ||| Stepping ~*~*~tactically~*~*~ (stealth).
  1795 | D:2      | 1795 ||| Stepping ~*~*~tactically~*~*~ (stealth).
  1799 | D:2      | Reached skill level 6 in Axes
  1808 | D:2      | 1808 ||| Stepping ~*~*~tactically~*~*~ (stealth).
  2195 | D:2      | 2195 ||| UPGRADING to amulet of guardian spirit.
  2200 | D:2      | 2200 ||| READING scroll labelled LYECITOTHY.
  2201 | D:2      | 2201 ||| READING scroll labelled VIQIXZ ZUSUXT.
  2202 | D:2      | 2202 ||| DRINKING 2 brown potions.
  2203 | D:2      | 2203 ||| READING 2 scrolls of identify.
  2203 | D:2      | 2203 ||| IDENTIFYING sapphire potion
  2204 | D:2      | 2204 ||| DROPPING potion of attraction.
  2267 | D:3      | 2267 ||| STAIRDANCE
  2333 | D:3      | Found a radiant altar of Vehumet.
  2365 | D:3      | 2365 ||| Stepping ~*~*~tactically~*~*~ (stealth).
  2420 | D:3      | Noticed a centaur
  2428 | D:3      | 2428 ||| INVOKING Berserk.
  2432 | D:3      | HP: 14/58 [centaur (6)]
  2433 | D:3      | Killed a centaur
  2434 | D:3      | Reached XP level 5. HP: 17/45 MP: 2/4
  2693 | D:3      | 2693 ||| Stepping ~*~*~tactically~*~*~ (stealth).
  2736 | D:3      | 2736 ||| DROPPING +0 whip.
  2753 | D:3      | 2753 ||| READING scroll of enchant weapon.
  2753 | D:3      | 2753 ||| ENCHANTING +1 hand axe.
  2823 | D:3      | Reached skill level 4 in Fighting
  2836 | D:3      | Found a faded altar of an unknown god.
  3008 | D:3      | 3008 ||| READING 2 scrolls of identify.
  3008 | D:3      | 3008 ||| IDENTIFYING fuming white potion
  3249 | D:4      | 3249 ||| Stepping ~*~*~tactically~*~*~ (stealth).
  3254 | D:4      | 3254 ||| Stepping ~*~*~tactically~*~*~ (stealth).
  3256 | D:4      | 3256 ||| DRINKING 3 potions of curing.
  3256 | D:4      | 3256 ||| (to cure confusion)
  3590 | D:4      | Noticed Eustachio
  3598 | D:4      | 3598 ||| INVOKING Berserk.
  3616 | D:4      | Killed Eustachio
  3617 | D:4      | Reached XP level 6. HP: 43/52 MP: 3/5
  4358 | D:4      | 4358 ||| UPGRADING to +0 pair of gloves.
  4363 | D:4      | 4363 ||| UPGRADING to +6 ring of intelligence.
  4364 | D:4      | 4364 ||| READING scroll labelled ITICHO BAR MAE.
  4365 | D:4      | 4365 ||| READING 4 scrolls of identify.
  4365 | D:4      | 4365 ||| IDENTIFYING fuming cyan potion
  4366 | D:4      | 4366 ||| READING 3 scrolls of identify.
  4366 | D:4      | 4366 ||| IDENTIFYING pink potion
  4367 | D:4      | 4367 ||| READING 2 scrolls of identify.
  4367 | D:4      | 4367 ||| IDENTIFYING red potion
  4368 | D:4      | 4368 ||| DROPPING potion of lignification.
  4415 | D:5      | Entered Level 5 of the Dungeon
  4536 | D:5      | Reached skill level 9 in Axes
  4568 | D:5      | Reached skill level 3 in Armour
  4692 | D:5      | Noticed an ice beast
  4697 | D:5      | 4697 ||| INVOKING Berserk.
  4700 | D:5      | Killed an ice beast
  4701 | D:5      | Reached XP level 7. HP: 60/60 MP: 6/6
  4748 | D:5      | 4748 ||| Stepping ~*~*~tactically~*~*~ (stealth).
  4751 | D:5      | 4751 ||| INVOKING Berserk.
  4754 | D:5      | Reached skill level 5 in Fighting
  5208 | D:5      | 5208 ||| INVOKING Berserk.
  5379 | D:5      | 5379 ||| Stepping ~*~*~tactically~*~*~ (stealth).
  5415 | D:5      | 5415 ||| FLEEEEING.
  5416 | D:5      | 5416 ||| FLEEEEING.
  5417 | D:5      | 5417 ||| FLEEEEING.
  5418 | D:5      | 5418 ||| FLEEEEING.
  5419 | D:5      | 5419 ||| FLEEEEING.
  5420 | D:5      | 5420 ||| FLEEEEING.
  5421 | D:5      | 5421 ||| FLEEEEING.
  5427 | D:5      | 5427 ||| FLEEEEING.
  5428 | D:5      | 5428 ||| FLEEEEING.
  5429 | D:5      | 5429 ||| FLEEEEING.
  5430 | D:5      | 5430 ||| FLEEEEING.
  5431 | D:5      | 5431 ||| FLEEEEING.
  5432 | D:5      | 5432 ||| FLEEEEING.
  5433 | D:5      | 5433 ||| FLEEEEING.
  5434 | D:5      | 5434 ||| FLEEEEING.
  5435 | D:5      | 5435 ||| FLEEEEING.
  5436 | D:5      | 5436 ||| FLEEEEING.
  5437 | D:5      | 5437 ||| Stepping ~*~*~tactically~*~*~ (hiding).
  5445 | D:5      | 5445 ||| INVOKING Berserk.
  5648 | D:5      | Reached skill level 6 in Fighting
  5727 | D:5      | 5727 ||| UPGRADING to +0 pair of boots.
  5732 | D:5      | 5732 ||| READING 2 scrolls labelled WOB ENIPREGH.
  5733 | D:5      | 5733 ||| DRINKING 2 sedimented clear potions.
  5834 | D:5      | 5834 ||| DROPPING scroll of noise.
  5835 | D:5      | 5835 ||| DROPPING potion of ambrosia.
  5866 | D:6      | 5866 ||| Stepping ~*~*~tactically~*~*~ (stealth).
  5867 | D:6      | 5867 ||| Stepping ~*~*~tactically~*~*~ (stealth).
  5869 | D:6      | 5869 ||| Stepping ~*~*~tactically~*~*~ (hiding).
  5873 | D:6      | 5873 ||| INVOKING Berserk.
  5879 | D:6      | Reached XP level 8. HP: 71/71 MP: 7/7
  6002 | D:6      | Found an iron altar of Okawaru.
  6055 | D:6      | 6055 ||| INVOKING Berserk.
  6181 | D:6      | 6181 ||| Stepping ~*~*~tactically~*~*~ (hiding).
  6195 | D:6      | 6195 ||| Stepping ~*~*~tactically~*~*~ (hiding).
  6413 | D:6      | 6413 ||| Stepping ~*~*~tactically~*~*~ (stealth).
  6424 | D:6      | 6424 ||| INVOKING Berserk.
  6433 | D:6      | Reached skill level 12 in Axes
  6434 | D:6      | Reached *** piety under Trog
  6435 | D:6      | Reached skill level 7 in Fighting
  6867 | D:6      | Reached XP level 9. HP: 66/79 MP: 6/8
  7133 | D:6      | 7133 ||| DROPPING +0 flail.
  7292 | D:6      | 7292 ||| UPGRADING to +0 plate armour.
  7302 | D:6      | 7302 ||| DROPPING +0 chain mail.
  7303 | D:6      | 7303 ||| READING 3 scrolls labelled LULAXA HIONOAD.
  7304 | D:6      | 7304 ||| READING 2 scrolls of identify.
  7304 | D:6      | 7304 ||| IDENTIFYING black potion
  7305 | D:6      | 7305 ||| DROPPING potion of berserk rage.
  7306 | D:6      | 7306 ||| DROPPING 2 scrolls of poison.
  7351 | D:7      | Noticed Dowan
  7352 | D:7      | 7352 ||| Stepping ~*~*~tactically~*~*~ (hiding).
  7354 | D:7      | 7354 ||| Stepping ~*~*~tactically~*~*~ (hiding).
  7357 | D:7      | Noticed Duvessa
  7358 | D:7      | 7358 ||| INVOKING Berserk.
  7362 | D:7      | Killed Dowan
  7369 | D:7      | Killed Duvessa
  7379 | D:7      | 7379 ||| Stepping ~*~*~tactically~*~*~ (hiding).
  7391 | D:7      | Reached skill level 6 in Armour
  7480 | D:7      | Found a staircase to the Ecumenical Temple.
  7512 | D:7      | Found a snail-covered altar of Cheibriados.
  7525 | D:7      | Found a glowing golden altar of the Shining One.
  7573 | D:7      | 7573 ||| Stepping ~*~*~tactically~*~*~ (hiding).
  7574 | D:7      | 7574 ||| Stepping ~*~*~tactically~*~*~ (hiding).
  7575 | D:7      | 7575 ||| Stepping ~*~*~tactically~*~*~ (hiding).
  7663 | D:7      | 7663 ||| FLEEEEING.
  7665 | D:7      | 7665 ||| FLEEEEING.
  7666 | D:7      | 7666 ||| FLEEEEING.
  7667 | D:7      | 7667 ||| FLEEEEING.
  7738 | D:7      | 7738 ||| Stepping ~*~*~tactically~*~*~ (stealth).
  7741 | D:7      | 7741 ||| Stepping ~*~*~tactically~*~*~ (stealth).
  7742 | D:7      | 7742 ||| Stepping ~*~*~tactically~*~*~ (stealth).
  7745 | D:7      | 7745 ||| Stepping ~*~*~tactically~*~*~ (stealth).
  7757 | D:7      | 7757 ||| Stepping ~*~*~tactically~*~*~ (stealth).
  7783 | D:7      | 7783 ||| INVOKING Berserk.
  8156 | D:7      | 8156 ||| Stepping ~*~*~tactically~*~*~ (hiding).
  8157 | D:7      | 8157 ||| Stepping ~*~*~tactically~*~*~ (hiding).
  8163 | D:7      | 8163 ||| INVOKING Berserk.
  8354 | D:7      | Found a runed translucent gate.
  8354 | D:7      | Found a runed translucent gate.
  8354 | D:7      | Found a runed translucent gate.
  8356 | D:7      | Noticed qw's ghost (novice MiBe)
  8364 | D:7      | 8364 ||| Stepping ~*~*~tactically~*~*~ (hiding).
  8365 | D:7      | 8365 ||| Stepping ~*~*~tactically~*~*~ (hiding).
  8366 | D:7      | 8366 ||| Stepping ~*~*~tactically~*~*~ (hiding).
  8371 | D:7      | Reached skill level 8 in Fighting
  8377 | D:7      | 8377 ||| INVOKING Berserk.
  8721 | D:7      | 8721 ||| INVOKING Berserk.
  9326 | D:8      | 9326 ||| INVOKING Berserk.
  9492 | D:8      | 9492 ||| Stepping ~*~*~tactically~*~*~ (cloud).
  9493 | D:8      | 9493 ||| Stepping ~*~*~tactically~*~*~ (cloud).
  9496 | D:8      | 9496 ||| INVOKING Berserk.
  9661 | D:8      | 9661 ||| Stepping ~*~*~tactically~*~*~ (hiding).
  9662 | D:8      | 9662 ||| INVOKING Berserk.
  9824 | D:8      | 9824 ||| Stepping ~*~*~tactically~*~*~ (stealth).
  9827 | D:8      | 9827 ||| Stepping ~*~*~tactically~*~*~ (stealth).
  9843 | D:8      | 9843 ||| Stepping ~*~*~tactically~*~*~ (stealth).
  9910 | D:8      | 9910 ||| INVOKING Berserk.
  9914 | D:8      | Reached skill level 9 in Fighting
  9914 | D:8      | Reached XP level 10. HP: 91/91 MP: 9/9
 10026 | D:8      | 10026 ||| Stepping ~*~*~tactically~*~*~ (stealth).
 10028 | D:8      | 10028 ||| Stepping ~*~*~tactically~*~*~ (stealth).
 10030 | D:8      | 10030 ||| Stepping ~*~*~tactically~*~*~ (hiding).
 10031 | D:8      | 10031 ||| INVOKING Berserk.
 10044 | D:8      | Reached **** piety under Trog
 10223 | D:8      | Noticed Maurice
 10235 | D:8      | Killed Maurice
 10550 | D:8      | 10550 ||| UPGRADING to +0 cloak.
 10555 | D:8      | 10555 ||| READING 2 scrolls labelled BILUUR ETAC.
 10556 | D:8      | 10556 ||| READING scroll labelled ATEKHL DUIXZOU.
 10557 | D:8      | 10557 ||| READING scroll labelled XELEIF GAG QALL.
 10558 | D:8      | 10558 ||| DRINKING 3 fuming black potions.
 10559 | D:8      | 10559 ||| DRINKING 2 lumpy golden potions.
 10560 | D:8      | 10560 ||| DROPPING 2 potions of flight.
 10561 | D:8      | 10561 ||| DROPPING scroll of amnesia.
 10592 | D:9      | 10592 ||| Stepping ~*~*~tactically~*~*~ (hiding).
 10593 | D:9      | 10593 ||| Stepping ~*~*~tactically~*~*~ (hiding).
 10605 | D:9      | 10605 ||| Stepping ~*~*~tactically~*~*~ (hiding).
 10609 | D:9      | 10609 ||| INVOKING Berserk.
 10724 | D:9      | 10724 ||| Stepping ~*~*~tactically~*~*~ (hiding).
 10730 | D:9      | 10730 ||| INVOKING Berserk.
 10828 | D:9      | 10828 ||| INVOKING Berserk.
 10833 | D:9      | Reached skill level 1 in Throwing
 10834 | D:9      | Found a staircase to the Orcish Mines.
 11129 | D:9      | 11129 ||| Stepping ~*~*~tactically~*~*~ (stealth).
 11136 | D:9      | 11136 ||| Stepping ~*~*~tactically~*~*~ (stealth).
 11162 | D:9      | Reached skill level 9 in Armour
 11209 | D:9      | 11209 ||| SWAPPING to +0 war axe.
 11210 | D:9      | 11210 ||| DROPPING +2 hand axe.
 11237 | D:9      | 11237 ||| READING scroll of enchant weapon.
 11237 | D:9      | 11237 ||| ENCHANTING +0 war axe.
 11268 | D:9      | 11268 ||| INVOKING Berserk.
 11475 | D:9      | Found an opulent altar of Gozag.
 11549 | D:9      | 11549 ||| INVOKING Berserk.
 11801 | D:9      | 11801 ||| UPGRADING to +3 plate armour.
 11811 | D:9      | 11811 ||| DROPPING +0 plate armour.
 11812 | D:9      | 11812 ||| UPGRADING to +2 hat.
 11817 | D:9      | 11817 ||| READING scroll labelled GIMNUPT UTUTOF.
 11818 | D:9      | 11818 ||| READING 2 scrolls of identify.
 11818 | D:9      | 11818 ||| IDENTIFYING fizzy green potion
 11850 | D:10     | Entered Level 10 of the Dungeon
 11896 | D:10     | Reached skill level 15 in Axes
 11996 | D:10     | 11996 ||| Stepping ~*~*~tactically~*~*~ (stealth).
 12023 | D:10     | 12023 ||| READING scroll of enchant weapon.
 12023 | D:10     | 12023 ||| ENCHANTING +1 war axe.
 12148 | D:10     | Noticed a death yak
 12152 | D:10     | 12152 ||| INVOKING Berserk.
 12154 | D:10     | Noticed a death yak
 12160 | D:10     | Killed a death yak
 12161 | D:10     | Reached XP level 11. HP: 97/97 MP: 10/10
 12161 | D:10     | Noticed a death yak
 12171 | D:10     | Killed a death yak
 12187 | D:10     | Killed a death yak
 12498 | D:10     | Found a staircase to the Lair.
 12646 | D:10     | Reached skill level 10 in Fighting
 12830 | D:10     | 12830 ||| Stepping ~*~*~tactically~*~*~ (stealth).
 12837 | D:10     | 12837 ||| DRINKING 4 potions of curing.
 12837 | D:10     | 12837 ||| (to cure confusion)
 12838 | D:10     | 12838 ||| Stepping ~*~*~tactically~*~*~ (hiding).
 12845 | D:10     | 12845 ||| Stepping ~*~*~tactically~*~*~ (hiding).
 13116 | D:10     | 13116 ||| INVOKING Berserk.
 13387 | D:10     | 13387 ||| PLANNING LAIR
 13387 | D:10     | 13387 ||| DRINKING 2 viscous yellow potions.
 13388 | D:10     | 13388 ||| READING 5 scrolls of identify.
 13388 | D:10     | 13388 ||| IDENTIFYING fizzy cyan potion
 13389 | D:10     | 13389 ||| READING 4 scrolls of identify.
 13389 | D:10     | 13389 ||| IDENTIFYING blue potion
 13390 | D:10     | 13390 ||| DROPPING potion of degeneration.
 13391 | D:10     | 13391 ||| DROPPING potion of brilliance.
 13455 | Lair:1   | Entered Level 1 of the Lair of Beasts
 13477 | Lair:1   | 13477 ||| INVOKING Berserk.
 13777 | Lair:1   | Noticed a four-headed hydra
 13778 | Lair:1   | 13778 ||| INVOKING Brothers in Arms.
 13779 | Lair:1   | 13779 ||| INVOKING Brothers in Arms.
 13780 | Lair:1   | 13780 ||| INVOKING Brothers in Arms.
 13781 | Lair:1   | 13781 ||| SWAPPING to +0 morningstar.
 13782 | Lair:1   | 13782 ||| INVOKING Berserk.
 13783 | Lair:1   | Killed a four-headed hydra
 13792 | Lair:1   | 13792 ||| SWAPPING to +2 war axe.
 13948 | Lair:1   | 13948 ||| INVOKING Berserk.
 13996 | Lair:1   | 13996 ||| Stepping ~*~*~tactically~*~*~ (stealth).
 14074 | Lair:1   | Found a transporter.
 14074 | Lair:1   | Found a transporter.
 14074 | Lair:1   | Noticed a boulder beetle
 14089 | Lair:1   | 14089 ||| Stepping ~*~*~tactically~*~*~ (stealth).
 14091 | Lair:1   | 14091 ||| Stepping ~*~*~tactically~*~*~ (stealth).
 14092 | Lair:1   | 14092 ||| Stepping ~*~*~tactically~*~*~ (stealth).
 14093 | Lair:1   | 14093 ||| Stepping ~*~*~tactically~*~*~ (stealth).
 14098 | Lair:1   | Reached skill level 11 in Fighting
 14523 | Lair:1   | 14523 ||| INVOKING Berserk.
 14755 | Lair:1   | 14755 ||| Stepping ~*~*~tactically~*~*~ (stealth).
 14762 | Lair:1   | 14762 ||| INVOKING Berserk.
 14996 | Lair:2   | Found a bloodstained altar of Trog.
 15000 | Lair:2   | 15000 ||| STAIRDANCE
 15009 | Lair:2   | 15009 ||| STAIRDANCE
 15019 | Lair:1   | Reached skill level 12 in Fighting
 15125 | Lair:2   | 15125 ||| INVOKING Berserk.
 15131 | Lair:2   | 15131 ||| STAIRDANCE
 15430 | Lair:2   | 15430 ||| INVOKING Berserk.
 15549 | Lair:2   | 15549 ||| Stepping ~*~*~tactically~*~*~ (stealth).
 15550 | Lair:2   | 15550 ||| Stepping ~*~*~tactically~*~*~ (stealth).
 15557 | Lair:2   | Noticed a catoblepas
 15562 | Lair:2   | 15562 ||| Stepping ~*~*~tactically~*~*~ (cloud).
 15563 | Lair:2   | 15563 ||| Stepping ~*~*~tactically~*~*~ (cloud).
 15566 | Lair:2   | 15566 ||| Stepping ~*~*~tactically~*~*~ (cloud).
 15567 | Lair:2   | 15567 ||| Stepping ~*~*~tactically~*~*~ (cloud).
 15569 | Lair:2   | 15569 ||| INVOKING Berserk.
 15572 | Lair:2   | Killed a catoblepas
 15573 | Lair:2   | Reached skill level 12 in Armour
 15573 | Lair:2   | Reached XP level 12. HP: 112/112 MP: 11/11
 15797 | Lair:2   | 15797 ||| INVOKING Berserk.
 16045 | Lair:2   | Found a hole to the Spider Nest.
 16046 | Lair:2   | 16046 ||| INVOKING Brothers in Arms.
 16047 | Lair:2   | 16047 ||| INVOKING Brothers in Arms.
 16049 | Lair:2   | 16049 ||| READING 5 scrolls of teleportation.
 16050 | Lair:2   | 16050 ||| Stepping randomly (stuck).
 16274 | Lair:2   | 16274 ||| READING 4 scrolls of teleportation.
 16275 | Lair:2   | 16275 ||| FLEEEEING.
 16276 | Lair:2   | 16276 ||| FLEEEEING.
 16329 | Lair:2   | 16329 ||| READING 3 scrolls of teleportation.
 16330 | Lair:2   | 16330 ||| FLEEEEING.
 16331 | Lair:2   | 16331 ||| FLEEEEING.
 16332 | Lair:2   | 16332 ||| FLEEEEING.
 16789 | Lair:3   | 16789 ||| READING scroll of enchant weapon.
 16789 | Lair:3   | 16789 ||| ENCHANTING +2 war axe.
 16818 | Lair:3   | 16818 ||| Stepping ~*~*~tactically~*~*~ (stealth).
 16852 | Lair:3   | Reached skill level 13 in Fighting
 17283 | Lair:3   | 17283 ||| Stepping ~*~*~tactically~*~*~ (stealth).
 17288 | Lair:3   | 17288 ||| Stepping ~*~*~tactically~*~*~ (stealth).
 17290 | Lair:3   | 17290 ||| Stepping ~*~*~tactically~*~*~ (stealth).
 17291 | Lair:3   | 17291 ||| Stepping ~*~*~tactically~*~*~ (stealth).
 17294 | Lair:3   | 17294 ||| Stepping ~*~*~tactically~*~*~ (stealth).
 17420 | Lair:3   | 17420 ||| INVOKING Berserk.
 17425 | Lair:3   | Reached skill level 14 in Fighting
 17589 | Lair:3   | Found a staircase to the Shoals.
 17603 | Lair:3   | 17603 ||| INVOKING Berserk.
 18233 | Lair:4   | Reached skill level 6 in Dodging
 18468 | Lair:4   | Reached skill level 15 in Fighting
 18616 | Lair:4   | 18616 ||| INVOKING Berserk.
 18667 | Lair:4   | 18667 ||| Stepping ~*~*~tactically~*~*~ (stealth).
 18672 | Lair:4   | 18672 ||| INVOKING Berserk.
 18842 | Lair:4   | Noticed Snorg
 18847 | Lair:4   | 18847 ||| INVOKING Berserk.
 18854 | Lair:4   | Killed Snorg
 19122 | Lair:4   | Reached XP level 13. HP: 120/126 MP: 12/12
 19486 | Lair:4   | 19486 ||| INVOKING Berserk.
 19706 | Lair:4   | 19706 ||| UPGRADING to +0 buckler.
 19765 | Lair:5   | Entered Level 5 of the Lair of Beasts
 19788 | Lair:5   | 19788 ||| Stepping ~*~*~tactically~*~*~ (hiding).
 19790 | Lair:5   | 19790 ||| INVOKING Berserk.
 19794 | Lair:5   | Reached skill level 1 in Shields
 19814 | Lair:5   | Reached skill level 3 in Shields
 19885 | Lair:5   | 19885 ||| INVOKING Berserk.
 19915 | Lair:5   | 19915 ||| FLEEEEING.
 19965 | Lair:5   | 19965 ||| Stepping ~*~*~tactically~*~*~ (stealth).
 19967 | Lair:5   | 19967 ||| Stepping ~*~*~tactically~*~*~ (stealth).
 20002 | Lair:5   | 20002 ||| Stepping ~*~*~tactically~*~*~ (stealth).
 20003 | Lair:5   | 20003 ||| INVOKING Berserk.
 20018 | Lair:5   | Reached skill level 6 in Shields
 20082 | Lair:5   | 20082 ||| INVOKING Berserk.
 20103 | Lair:5   | 20103 ||| FLEEEEING.
 20104 | Lair:5   | 20104 ||| FLEEEEING.
 20106 | Lair:5   | 20106 ||| FLEEEEING.
 20128 | Lair:5   | 20128 ||| FLEEEEING.
 20129 | Lair:5   | 20129 ||| FLEEEEING.
 20130 | Lair:5   | 20130 ||| FLEEEEING.
 20131 | Lair:5   | 20131 ||| FLEEEEING.
 20132 | Lair:5   | 20132 ||| FLEEEEING.
 20133 | Lair:5   | 20133 ||| FLEEEEING.
 20134 | Lair:5   | 20134 ||| FLEEEEING.
 20135 | Lair:5   | 20135 ||| FLEEEEING.
 20136 | Lair:5   | 20136 ||| FLEEEEING.
 20137 | Lair:5   | 20137 ||| FLEEEEING.
 20139 | Lair:5   | 20139 ||| FLEEEEING.
 20140 | Lair:5   | 20140 ||| FLEEEEING.
 20141 | Lair:5   | 20141 ||| FLEEEEING.
 20142 | Lair:5   | 20142 ||| FLEEEEING.
 20143 | Lair:5   | 20143 ||| STAIRDANCE
 20390 | Lair:5   | 20390 ||| INVOKING Berserk.
 20399 | Lair:5   | 20399 ||| STAIRDANCE
 20523 | Lair:5   | 20523 ||| INVOKING Brothers in Arms.
 20527 | Lair:5   | 20527 ||| SWAPPING to +0 morningstar.
 20528 | Lair:5   | 20528 ||| INVOKING Berserk.
 20541 | Lair:5   | 20541 ||| SWAPPING to +3 war axe.
 20579 | Lair:5   | 20579 ||| Stepping ~*~*~tactically~*~*~ (stealth).
 20582 | Lair:5   | 20582 ||| Stepping ~*~*~tactically~*~*~ (stealth).
 20583 | Lair:5   | 20583 ||| Stepping ~*~*~tactically~*~*~ (stealth).
 20585 | Lair:5   | 20585 ||| INVOKING Berserk.
 20591 | Lair:5   | Reached skill level 3 in Throwing
 20606 | Lair:5   | Reached skill level 9 in Shields
 20742 | Lair:5   | 20742 ||| Stepping ~*~*~tactically~*~*~ (stealth).
 20745 | Lair:5   | 20745 ||| Stepping ~*~*~tactically~*~*~ (stealth).
 20746 | Lair:5   | 20746 ||| Stepping ~*~*~tactically~*~*~ (stealth).
 20747 | Lair:5   | 20747 ||| Stepping ~*~*~tactically~*~*~ (stealth).
 20750 | Lair:5   | 20750 ||| INVOKING Berserk.
 20805 | Lair:5   | 20805 ||| INVOKING Berserk.
 20902 | Lair:5   | 20902 ||| Stepping ~*~*~tactically~*~*~ (stealth).
 20953 | Lair:5   | 20953 ||| INVOKING Berserk.
 21385 | Lair:5   | 21385 ||| INVOKING Brothers in Arms.
 21386 | Lair:5   | 21386 ||| INVOKING Brothers in Arms.
 21388 | Lair:5   | 21388 ||| SWAPPING to +0 morningstar.
 21389 | Lair:5   | 21389 ||| Stepping ~*~*~tactically~*~*~ (water).
 21390 | Lair:5   | 21390 ||| INVOKING Berserk.
 21402 | Lair:5   | 21402 ||| SWAPPING to +3 war axe.
 21456 | Lair:5   | Found a viscous altar of Jiyva.
 21457 | Lair:5   | Found a staircase to the Slime Pits.
 21458 | Lair:5   | 21458 ||| FLEEEEING.
 21459 | Lair:5   | 21459 ||| FLEEEEING.
 21551 | Lair:5   | 21551 ||| INVOKING Berserk.
 21677 | Lair:5   | 21677 ||| FLEEEEING.
 21788 | Lair:5   | 21788 ||| FLEEEEING.
 21789 | Lair:5   | 21789 ||| FLEEEEING.
 21790 | Lair:5   | 21790 ||| FLEEEEING.
 21933 | Lair:5   | 21933 ||| Stepping ~*~*~tactically~*~*~ (stealth).
 21935 | Lair:5   | 21935 ||| Stepping ~*~*~tactically~*~*~ (stealth).
 22102 | Lair:5   | 22102 ||| INVOKING Berserk.
 22114 | Lair:5   | HP: 39/189 [oklob plant/splash of acid (13)]
 22120 | Lair:5   | HP: 3/126 [oklob plant/splash of acid (24)]
 22121 | Lair:5   | 22121 ||| READING 4 scrolls of teleportation.
 22122 | Lair:5   | 22122 ||| DRINKING 3 potions of heal wounds.
 22122 | Lair:5   | HP: 1/126 [oklob plant/splash of acid (21)]
 22123 | Lair:5   | 22123 ||| DRINKING 2 potions of heal wounds.
 22434 | Lair:5   | 22434 ||| READING scroll of enchant weapon.
 22434 | Lair:5   | 22434 ||| ENCHANTING +3 war axe.
 22597 | Lair:5   | 22597 ||| INVOKING Berserk.
 22740 | Lair:5   | 22740 ||| INVOKING Berserk.
 22846 | Lair:5   | 22846 ||| PLANNING D:1-11
 23088 | D:11     | Reached skill level 15 in Armour
 23220 | D:11     | 23220 ||| Stepping ~*~*~tactically~*~*~ (hiding).
 23221 | D:11     | 23221 ||| Stepping ~*~*~tactically~*~*~ (hiding).
 23802 | D:11     | Found Zestehoy's General Store.
 23811 | D:11     | 23811 ||| BUYING potion of curing (42 gold).
 23811 | D:11     | Bought a potion of curing for 42 gold pieces
 23811 | D:11     | 23811 ||| BUYING potion of heal wounds (70 gold).
 23811 | D:11     | Bought a potion of heal wounds for 70 gold pieces
 23811 | D:11     | 23811 ||| BUYING potion of might (56 gold).
 23811 | D:11     | Bought a potion of might for 56 gold pieces
 23811 | D:11     | 23811 ||| BUYING scroll of teleportation (42 gold).
 23811 | D:11     | Bought a scroll of teleportation for 42 gold pieces
 23811 | D:11     | 23811 ||| BUYING scroll of teleportation (42 gold).
 23811 | D:11     | Bought a scroll of teleportation for 42 gold pieces
 23907 | D:11     | 23907 ||| PLANNING D
 23907 | D:11     | 23907 ||| UPGRADING to +6 ring of strength.
 23909 | D:11     | 23909 ||| DROPPING +6 ring of intelligence.
 23977 | D:12     | 23977 ||| READING scroll of enchant weapon.
 23977 | D:12     | 23977 ||| ENCHANTING +4 war axe.
 24018 | D:12     | 24018 ||| INVOKING Brothers in Arms.
 24019 | D:12     | 24019 ||| Stepping ~*~*~tactically~*~*~ (stealth).
 24021 | D:12     | 24021 ||| INVOKING Brothers in Arms.
 24022 | D:12     | 24022 ||| INVOKING Brothers in Arms.
 24023 | D:12     | 24023 ||| INVOKING Brothers in Arms.
 24024 | D:12     | 24024 ||| INVOKING Brothers in Arms.
 24025 | D:12     | 24025 ||| INVOKING Brothers in Arms.
 24026 | D:12     | 24026 ||| INVOKING Brothers in Arms.
 24027 | D:12     | 24027 ||| INVOKING Brothers in Arms.
 24028 | D:12     | 24028 ||| INVOKING Brothers in Arms.
 24029 | D:12     | 24029 ||| INVOKING Brothers in Arms.
 24030 | D:12     | 24030 ||| SWAPPING to +0 morningstar.
 24031 | D:12     | 24031 ||| INVOKING Berserk.
 24033 | D:12     | Reached XP level 14. HP: 130/135 MP: 5/13
 24090 | D:12     | 24090 ||| SWAPPING to +5 war axe.
 24453 | D:12     | 24453 ||| Stepping ~*~*~tactically~*~*~ (stealth).
 24587 | D:12     | 24587 ||| FLEEEEING.
 24609 | D:12     | 24609 ||| FLEEEEING.
 24610 | D:12     | 24610 ||| FLEEEEING.
 24611 | D:12     | 24611 ||| FLEEEEING.
 24612 | D:12     | 24612 ||| FLEEEEING.
 24613 | D:12     | 24613 ||| FLEEEEING.
 24614 | D:12     | 24614 ||| FLEEEEING.
 24615 | D:12     | 24615 ||| FLEEEEING.
 24616 | D:12     | 24616 ||| FLEEEEING.
 24617 | D:12     | 24617 ||| FLEEEEING.
 24618 | D:12     | 24618 ||| FLEEEEING.
 24619 | D:12     | 24619 ||| FLEEEEING.
 24637 | D:12     | 24637 ||| FLEEEEING.
 24638 | D:12     | 24638 ||| FLEEEEING.
 24643 | D:12     | 24643 ||| STAIRDANCE
 24774 | D:11     | 24774 ||| DRINKING 2 viscous emerald potions.
 24775 | D:11     | 24775 ||| DROPPING potion of invisibility.
 25196 | D:13     | 25196 ||| INVOKING Berserk.
 25205 | D:13     | Reached skill level 16 in Fighting
 25207 | D:13     | 25207 ||| STAIRDANCE
 25336 | D:13     | 25336 ||| INVOKING Berserk.
 25481 | D:13     | 25481 ||| Stepping ~*~*~tactically~*~*~ (hiding).
 25487 | D:13     | 25487 ||| INVOKING Berserk.
 25679 | D:13     | 25679 ||| READING scroll of enchant weapon.
 25679 | D:13     | 25679 ||| ENCHANTING +5 war axe.
 25686 | D:13     | 25686 ||| Stepping ~*~*~tactically~*~*~ (stealth).
 25688 | D:13     | 25688 ||| Stepping ~*~*~tactically~*~*~ (stealth).
 25690 | D:13     | 25690 ||| Stepping ~*~*~tactically~*~*~ (hiding).
 25693 | D:13     | 25693 ||| Stepping ~*~*~tactically~*~*~ (hiding).
 25695 | D:13     | 25695 ||| Stepping ~*~*~tactically~*~*~ (hiding).
 25696 | D:13     | 25696 ||| Stepping ~*~*~tactically~*~*~ (hiding).
 25697 | D:13     | 25697 ||| Stepping ~*~*~tactically~*~*~ (hiding).
 25821 | D:13     | 25821 ||| Stepping ~*~*~tactically~*~*~ (hiding).
 25822 | D:13     | 25822 ||| Stepping ~*~*~tactically~*~*~ (hiding).
 25889 | D:13     | 25889 ||| Stepping ~*~*~tactically~*~*~ (stealth).
 25892 | D:13     | 25892 ||| Stepping ~*~*~tactically~*~*~ (stealth).
 25898 | D:13     | 25898 ||| INVOKING Berserk.
 25898 | D:13     | HP: 44/207 [??? (38)]
 26244 | D:13     | Reached skill level 17 in Fighting
 26244 | D:13     | 26244 ||| Stepping ~*~*~tactically~*~*~ (stealth).
 26322 | D:13     | Identified the +2 robe of the Game of Life {Rampage +Inv
                  | MP+9 Stlth+}
 26520 | D:13     | 26520 ||| READING scroll labelled KOAPYKLOUC.
 26586 | D:14     | 26586 ||| DRINKING 3 potions of cancellation.
 26661 | D:14     | 26661 ||| FLEEEEING.
 26662 | D:14     | 26662 ||| STAIRDANCE
 26780 | D:14     | 26780 ||| INVOKING Berserk.
 26788 | D:14     | 26788 ||| STAIRDANCE
 26921 | D:14     | 26921 ||| FLEEEEING.
 26922 | D:14     | 26922 ||| FLEEEEING.
 26923 | D:14     | 26923 ||| FLEEEEING.
 26924 | D:14     | 26924 ||| FLEEEEING.
 26925 | D:14     | 26925 ||| FLEEEEING.
 26926 | D:14     | 26926 ||| FLEEEEING.
 26927 | D:14     | 26927 ||| FLEEEEING.
 27159 | D:14     | Found a basalt altar of Yredelemnul.
 27162 | D:14     | 27162 ||| DROPPING ring of magical power.
 27183 | D:14     | Identified the +5 leather armour of Rotation {Rampage rElec
                  | MP+9 Int-4 Slay+3}
 27200 | D:14     | 27200 ||| INVOKING Berserk.
 27297 | D:14     | Found a gate to the Vaults.
 27637 | D:14     | Found a runed translucent door.
 27637 | D:14     | Noticed Wociock's ghost (journeyman DgHW)
 27640 | D:14     | 27640 ||| UPGRADING to +1 pair of boots of flying.
 27650 | D:14     | 27650 ||| DROPPING +0 pair of boots.
 27651 | D:14     | 27651 ||| READING scroll labelled DADWIU BAUSH.
 27878 | D:15     | Entered Level 15 of the Dungeon
 28166 | D:15     | 28166 ||| FLEEEEING.
 28172 | D:15     | 28172 ||| FLEEEEING.
 28173 | D:15     | 28173 ||| FLEEEEING.
 28174 | D:15     | 28174 ||| FLEEEEING.
 28175 | D:15     | 28175 ||| FLEEEEING.
 28179 | D:15     | 28179 ||| STAIRDANCE
 28421 | D:15     | 28421 ||| Stepping ~*~*~tactically~*~*~ (hiding).
 28430 | D:15     | 28430 ||| FLEEEEING.
 28431 | D:15     | 28431 ||| FLEEEEING.
 28432 | D:15     | 28432 ||| FLEEEEING.
 28433 | D:15     | 28433 ||| FLEEEEING.
 28434 | D:15     | 28434 ||| FLEEEEING.
 28435 | D:15     | 28435 ||| FLEEEEING.
 28436 | D:15     | 28436 ||| FLEEEEING.
 28437 | D:15     | 28437 ||| FLEEEEING.
 28438 | D:15     | 28438 ||| FLEEEEING.
 28439 | D:15     | 28439 ||| FLEEEEING.
 28440 | D:15     | 28440 ||| FLEEEEING.
 28441 | D:15     | 28441 ||| FLEEEEING.
 28442 | D:15     | 28442 ||| FLEEEEING.
 28443 | D:15     | 28443 ||| FLEEEEING.
 28444 | D:15     | 28444 ||| STAIRDANCE
 28641 | D:15     | 28641 ||| Stepping ~*~*~tactically~*~*~ (hiding).
 28642 | D:15     | 28642 ||| Stepping ~*~*~tactically~*~*~ (hiding).
 28643 | D:15     | 28643 ||| Stepping ~*~*~tactically~*~*~ (hiding).
 28922 | D:15     | 28922 ||| INVOKING Brothers in Arms.
 28923 | D:15     | 28923 ||| INVOKING Brothers in Arms.
 28924 | D:15     | 28924 ||| INVOKING Brothers in Arms.
 28925 | D:15     | 28925 ||| SWAPPING to +0 morningstar.
 28926 | D:15     | 28926 ||| INVOKING Berserk.
 28935 | D:15     | 28935 ||| SWAPPING to +6 vorpal war axe.
 29047 | D:15     | 29047 ||| INVOKING Berserk.
 29243 | D:15     | 29243 ||| Stepping ~*~*~tactically~*~*~ (hiding).
 29247 | D:15     | 29247 ||| INVOKING Berserk.
 29349 | D:15     | 29349 ||| Stepping ~*~*~tactically~*~*~ (stealth).
 29350 | D:15     | 29350 ||| Stepping ~*~*~tactically~*~*~ (stealth).
 29351 | D:15     | 29351 ||| Stepping ~*~*~tactically~*~*~ (stealth).
 29354 | D:15     | 29354 ||| INVOKING Berserk.
 29498 | D:15     | Found a staircase to the Depths.
 29706 | D:15     | 29706 ||| PLANNING ORC
 29711 | D:15     | 29711 ||| Stepping ~*~*~tactically~*~*~ (stealth).
 29714 | D:15     | 29714 ||| Stepping ~*~*~tactically~*~*~ (stealth).
 29901 | Orc:1    | Entered Level 1 of the Orcish Mines
 29928 | Orc:1    | Found Qogac's Assorted Antiques.
 29936 | Orc:1    | 29936 ||| BUYING glowing chain mail (255 gold).
 29936 | Orc:1    | Bought a glowing chain mail for 255 gold pieces
 29936 | Orc:1    | 29936 ||| BUYING scroll labelled HIOW HEPLISOICAI (34
                  | gold).
 29936 | Orc:1    | Bought a scroll labelled HIOW HEPLISOICAI for 34 gold
                  | pieces
 29936 | Orc:1    | 29936 ||| BUYING scroll labelled VUSAG VOIMN (34 gold).
 29936 | Orc:1    | Bought a scroll labelled VUSAG VOIMN for 34 gold pieces
 29994 | Orc:1    | 29994 ||| Stepping ~*~*~tactically~*~*~ (hiding).
 29995 | Orc:1    | Found Hasch's Antique Armour Shoppe.
 30002 | Orc:1    | 30002 ||| Stepping ~*~*~tactically~*~*~ (hiding).
 30042 | Orc:1    | 30042 ||| BUYING glowing cloak (165 gold).
 30042 | Orc:1    | Bought a glowing cloak for 165 gold pieces
 30042 | Orc:1    | 30042 ||| BUYING pair of glowing gloves (165 gold).
 30042 | Orc:1    | Bought a pair of glowing gloves for 165 gold pieces
 30042 | Orc:1    | 30042 ||| BUYING runed plate armour (572 gold).
 30042 | Orc:1    | Bought a runed plate armour for 572 gold pieces
 30487 | Orc:1    | 30487 ||| DROPPING +2 chain mail of poison resistance.
 30488 | Orc:1    | 30488 ||| UPGRADING to +2 cloak.
 30498 | Orc:1    | 30498 ||| DROPPING +0 cloak.
 30499 | Orc:1    | 30499 ||| DROPPING +0 pair of gloves of stealth.
 30500 | Orc:1    | 30500 ||| UPGRADING to +3 plate armour of fire resistance.
 30510 | Orc:1    | 30510 ||| DROPPING +3 plate armour.
 30511 | Orc:1    | 30511 ||| READING scroll labelled HIOW HEPLISOICAI.
 30511 | Orc:1    | 30511 ||| ACQUIRING +0 hat of the Buccaneer {rC+}
 30511 | Orc:1    | Acquired the +0 hat of the Buccaneer {rC+}
 30513 | Orc:1    | 30513 ||| UPGRADING to +0 hat of the Buccaneer {rC+}.
 30523 | Orc:1    | 30523 ||| READING scroll labelled VUSAG VOIMN.
 30560 | Orc:2    | Entered Level 2 of the Orcish Mines
 30609 | Orc:2    | 30609 ||| STAIRDANCE
 30611 | Orc:1    | 30611 ||| INVOKING Trog's Hand.
 30612 | Orc:1    | 30612 ||| INVOKING Berserk.
 30722 | Orc:2    | 30722 ||| STAIRDANCE
 30729 | Orc:2    | 30729 ||| STAIRDANCE
 30799 | Orc:2    | 30799 ||| STAIRDANCE
 30890 | Orc:2    | 30890 ||| STAIRDANCE
 30896 | Orc:2    | 30896 ||| STAIRDANCE
 30916 | Orc:2    | 30916 ||| STAIRDANCE
 30931 | Orc:2    | 30931 ||| INVOKING Berserk.
 31004 | Orc:2    | 31004 ||| FLEEEEING.
 31006 | Orc:2    | 31006 ||| STAIRDANCE
 31083 | Orc:2    | 31083 ||| Stepping ~*~*~tactically~*~*~ (stealth).
 31263 | Orc:2    | 31263 ||| Stepping ~*~*~tactically~*~*~ (hiding).
 31264 | Orc:2    | 31264 ||| Stepping ~*~*~tactically~*~*~ (hiding).
 31265 | Orc:2    | 31265 ||| Stepping ~*~*~tactically~*~*~ (hiding).
 31266 | Orc:2    | 31266 ||| Stepping ~*~*~tactically~*~*~ (hiding).
 31324 | Orc:2    | Found a staircase to the Elven Halls.
 31396 | Orc:2    | Found Hodothrime's General Store.
 31399 | Orc:2    | Found Ucionecum's General Store.
 31404 | Orc:2    | 31404 ||| INVOKING Berserk.
 31420 | Orc:2    | Reached skill level 18 in Fighting
 31427 | Orc:2    | Reached ***** piety under Trog
 31448 | Orc:2    | 31448 ||| FLEEEEING.
 31449 | Orc:2    | 31449 ||| FLEEEEING.
 31563 | Orc:2    | 31563 ||| BUYING potion of haste (120 gold).
 31563 | Orc:2    | Bought a potion of haste for 120 gold pieces
 31571 | Orc:2    | 31571 ||| Stepping ~*~*~tactically~*~*~ (stealth).
 31582 | Orc:2    | 31582 ||| INVOKING Berserk.
 31587 | Orc:2    | Reached XP level 15. HP: 149/149 MP: 12/14
 31591 | Orc:2    | 31591 ||| INVOKING Brothers in Arms.
 31617 | Orc:2    | 31617 ||| INVOKING Trog's Hand.
 31618 | Orc:2    | 31618 ||| INVOKING Berserk.
 31671 | Orc:2    | 31671 ||| INVOKING Trog's Hand.
 31684 | Orc:2    | 31684 ||| FLEEEEING.
 31685 | Orc:2    | 31685 ||| FLEEEEING.
 31686 | Orc:2    | 31686 ||| FLEEEEING.
 31687 | Orc:2    | 31687 ||| FLEEEEING.
 31688 | Orc:2    | 31688 ||| FLEEEEING.
 31690 | Orc:2    | 31690 ||| FLEEEEING.
 31691 | Orc:2    | 31691 ||| FLEEEEING.
 31692 | Orc:2    | 31692 ||| FLEEEEING.
 31693 | Orc:2    | 31693 ||| FLEEEEING.
 31694 | Orc:2    | 31694 ||| FLEEEEING.
 31695 | Orc:2    | 31695 ||| FLEEEEING.
 31696 | Orc:2    | 31696 ||| FLEEEEING.
 31697 | Orc:2    | 31697 ||| FLEEEEING.
 31698 | Orc:2    | 31698 ||| FLEEEEING.
 31699 | Orc:2    | 31699 ||| FLEEEEING.
 31700 | Orc:2    | 31700 ||| FLEEEEING.
 31701 | Orc:2    | 31701 ||| FLEEEEING.
 31703 | Orc:2    | 31703 ||| FLEEEEING.
 31704 | Orc:2    | 31704 ||| FLEEEEING.
 31705 | Orc:2    | 31705 ||| FLEEEEING.
 31706 | Orc:2    | 31706 ||| FLEEEEING.
 31707 | Orc:2    | 31707 ||| FLEEEEING.
 31708 | Orc:2    | 31708 ||| FLEEEEING.
 31709 | Orc:2    | 31709 ||| FLEEEEING.
 31710 | Orc:2    | 31710 ||| FLEEEEING.
 31711 | Orc:2    | 31711 ||| FLEEEEING.
 31712 | Orc:2    | 31712 ||| FLEEEEING.
 31714 | Orc:2    | 31714 ||| FLEEEEING.
 31715 | Orc:2    | 31715 ||| FLEEEEING.
 31716 | Orc:2    | 31716 ||| FLEEEEING.
 31717 | Orc:2    | 31717 ||| FLEEEEING.
 31718 | Orc:2    | 31718 ||| FLEEEEING.
 31719 | Orc:2    | 31719 ||| FLEEEEING.
 31720 | Orc:2    | 31720 ||| FLEEEEING.
 31721 | Orc:2    | 31721 ||| FLEEEEING.
 31722 | Orc:2    | 31722 ||| FLEEEEING.
 31723 | Orc:2    | 31723 ||| FLEEEEING.
 31724 | Orc:2    | 31724 ||| FLEEEEING.
 31725 | Orc:2    | 31725 ||| FLEEEEING.
 31726 | Orc:2    | 31726 ||| FLEEEEING.
 31727 | Orc:2    | 31727 ||| FLEEEEING.
 31728 | Orc:2    | 31728 ||| STAIRDANCE
 31880 | Orc:1    | Found Gies's Weapon Boutique.
 32045 | Orc:2    | 32045 ||| FLEEEEING.
 32048 | Orc:2    | 32048 ||| FLEEEEING.
 32049 | Orc:2    | 32049 ||| FLEEEEING.
 32050 | Orc:2    | 32050 ||| FLEEEEING.
 32051 | Orc:2    | 32051 ||| FLEEEEING.
 32052 | Orc:2    | 32052 ||| FLEEEEING.
 32053 | Orc:2    | 32053 ||| FLEEEEING.
 32054 | Orc:2    | 32054 ||| FLEEEEING.
 32055 | Orc:2    | 32055 ||| FLEEEEING.
 32056 | Orc:2    | 32056 ||| INVOKING Trog's Hand.
 32058 | Orc:2    | 32058 ||| INVOKING Berserk.
 32235 | Orc:2    | Found Deong's Book Emporium.
 32235 | Orc:2    | Found Nentiaw's Antique Armour Shoppe.
 32236 | Orc:2    | Found a one-way gate leading to the halls of Pandemonium.
 32240 | Orc:2    | 32240 ||| SHOPLISTING crude crystal plate armour (2890
                  | gold, have 1233).
 32269 | Orc:2    | 32269 ||| BUYING potion of curing (39 gold).
 32269 | Orc:2    | Bought a potion of curing for 39 gold pieces
 32338 | Orc:2    | 32338 ||| PLANNING SHOALS:1-3
 32465 | Shoals:1 | Entered Level 1 of the Shoals
 32504 | Shoals:1 | 32504 ||| Stepping ~*~*~tactically~*~*~ (stealth).
 32505 | Shoals:1 | 32505 ||| Stepping ~*~*~tactically~*~*~ (stealth).
 32599 | Shoals:1 | 32599 ||| Stepping ~*~*~tactically~*~*~ (stealth).
 32606 | Shoals:1 | 32606 ||| Stepping ~*~*~tactically~*~*~ (stealth).
 32607 | Shoals:1 | 32607 ||| Stepping ~*~*~tactically~*~*~ (stealth).
 32611 | Shoals:1 | 32611 ||| Stepping ~*~*~tactically~*~*~ (stealth).
 32612 | Shoals:1 | 32612 ||| Stepping ~*~*~tactically~*~*~ (stealth).
 32632 | Shoals:1 | Reached skill level 9 in Dodging
 33055 | Shoals:1 | 33055 ||| Stepping ~*~*~tactically~*~*~ (hiding).
 33058 | Shoals:1 | 33058 ||| Stepping ~*~*~tactically~*~*~ (hiding).
 33061 | Shoals:1 | 33061 ||| Stepping ~*~*~tactically~*~*~ (stealth).
 33079 | Shoals:1 | 33079 ||| INVOKING Trog's Hand.
 33080 | Shoals:1 | 33080 ||| INVOKING Brothers in Arms.
 33109 | Shoals:1 | 33109 ||| INVOKING Berserk.
 33186 | Shoals:1 | Noticed Jorgrun
 33190 | Shoals:1 | 33190 ||| INVOKING Berserk.
 33200 | Shoals:1 | Killed Jorgrun
 33201 | Shoals:1 | Reached skill level 19 in Fighting
 33517 | Shoals:1 | 33517 ||| INVOKING Berserk.
 33708 | Shoals:1 | 33708 ||| Stepping ~*~*~tactically~*~*~ (hiding).
 33879 | Shoals:1 | 33879 ||| INVOKING Berserk.
 34260 | Shoals:1 | 34260 ||| INVOKING Berserk.
 34583 | Shoals:2 | Noticed Frances
 34584 | Shoals:2 | 34584 ||| INVOKING Trog's Hand.
 34596 | Shoals:2 | Killed Frances
 34597 | Shoals:2 | Reached skill level 18 in Armour
 34598 | Shoals:2 | 34598 ||| INVOKING Berserk.
 34720 | Shoals:2 | 34720 ||| Stepping ~*~*~tactically~*~*~ (hiding).
 34841 | Shoals:2 | Reached skill level 12 in Shields
 34854 | Shoals:2 | 34854 ||| Stepping ~*~*~tactically~*~*~ (stealth).
 34863 | Shoals:2 | 34863 ||| Stepping ~*~*~tactically~*~*~ (stealth).
 35011 | Shoals:2 | 35011 ||| Stepping ~*~*~tactically~*~*~ (hiding).
 35014 | Shoals:2 | 35014 ||| Stepping ~*~*~tactically~*~*~ (hiding).
 35017 | Shoals:2 | 35017 ||| INVOKING Trog's Hand.
 35023 | Shoals:2 | 35023 ||| FLEEEEING.
 35029 | Shoals:2 | 35029 ||| STAIRDANCE
 35118 | Shoals:2 | Noticed Mlioglotl
 35134 | Shoals:2 | Killed Mlioglotl
 35470 | Shoals:2 | Reached XP level 16. HP: 162/162 MP: 15/15
 35475 | Shoals:2 | 35475 ||| INVOKING Berserk.
 35496 | Shoals:2 | Noticed Ilsuiw
 35506 | Shoals:2 | HP: 39/162 [drowned by a water elemental[Ilsuiw] (7)]
 35507 | Shoals:2 | 35507 ||| DRINKING 3 potions of heal wounds.
 35508 | Shoals:2 | 35508 ||| DRINKING 2 potions of heal wounds.
 35509 | Shoals:2 | 35509 ||| DRINKING potion of heal wounds.
 35511 | Shoals:2 | 35511 ||| READING 9 scrolls of teleportation.
 35511 | Shoals:2 | HP: 23/162 [something (1)]
 35512 | Shoals:2 | HP: 7/162 [merfolk/+0 trident[Ilsuiw] (12)]
 35512 | Shoals:2 | Slain by a merfolk

Levels and vault maps discovered:
D:1:      minmay_arrival_radiant_lines, layout_basic, minmay_misc_feat_columns
D:2:      kb_forest_paths, layout_loops_ring
D:3:      layout_rooms, overflow_temple_1_default,
          chequers_ecumenical_altar_simple_redux, nicolae_titane
D:4:      minmay_wonky_spiral, layout_basic, uniq_eustachio
D:5:      layout_cave_pods
D:6:      layout_cave_pools, mainiacjoe_overflow_24_doors
D:7:      layout_basic, mainiacjoe_overflow_catwalk_spiral,
          minmay_temple_entry_ruins, gammafunk_ghost_nasty_kobolds, uniq_duvessa
D:8:      layout_basic, dk_vineyard_1, uniq_maurice
D:9:      layout_roguey, mainiacjoe_overflow_cross_hatched, orc_david_3,
          the_hattery
D:10:     layout_basic, dpeg_lair_monsters
D:11:     layout_basic, serial_shops, shop, serial_bayou_pond_c,
          hangedman_decor_opposing
D:12:     layout_basic
D:13:     layout_cave_pools, lemuel_flame_loot_1
D:14:     layout_layer_cave, david_vaults_5, yredelemnul_altar_generic,
          gammafunk_ghost_grave
D:15:     grunt_enter_depths_hoard, layout_irregular_city, minmay_misc_feat_five
Lair:1:   gammafunk_boulding_lane, layout_cave_pods, lemuel_fruit_fields,
          grunt_megastairs_5
Lair:2:   layout_hall_layers, nicolae_spider_entry_orb_guardian, basic_altar,
          serial_bayou_shore_b
Lair:3:   layout_cave_pods, minmay_shoals_entry_hut
Lair:4:   layout_cave_pods, grunt_megastairs_4, lemuel_fruit_fields,
          serial_bayou_shore_b, uniq_snorg
Lair:5:   minmay_lair_end_frog_pond, layout_loops_ring,
          minmay_slime_entry_oklob_open, nicolae_lair_grove_arrangements
Shoals:1: layout_shoals, nicolae_shoals_mertower, uniq_jorgrun
Shoals:2: layout_shoals, uniq_ilsuiw, uniq_frances, uniq_mlioglotl
Orc:1:    layout_caves, serial_shops, nicolae_shop_hallway_plus,
          nicolae_shop_statue_plus, shop_statue, mines1_david
Orc:2:    pf_orc_diabolical, layout_caves

Skill      XL: |  1  2  3  4  5  6  7  8  9 10 11 12 13 14 15 |
---------------+----------------------------------------------+-----
Axes           | 4 5 7 8 9 10 12 14 15 16 | 16.2
Fighting       | 4 6 7 9 12 15 18 19 | 19.8
Armour         | 3 5 7 9 12 13 15 16 18 | 18.0
Dodging        | 4 6 8 9 |  9.0
Throwing       | 2 3 4 |  4.1
Shields        | 10 11 12 | 12.0

Action                   |  1- 3 |  4- 6 |  7- 9 | 10-12 | 13-15 | 16-18 || total
-------------------------+-------+-------+-------+-------+-------+-------++-------
Melee: Hand axe          |   105 |   131 |   303 |   110 |       |       ||   649
       Headbutt          |    13 |    14 |    57 |   131 |   217 |     2 ||   434
       Punch             |       |     1 |     3 |    12 |       |       ||    16
       War axe           |       |       |       |   459 |   947 |    21 ||  1427
       Morningstar       |       |       |       |     1 |    10 |       ||    11
Throw: Boomerang         |       |       |     1 |    50 |   155 |       ||   206
Invok: Berserk           |     1 |     3 |    15 |    22 |    39 |     1 ||    81
       Brothers in Arms  |       |       |       |     2 |     6 |       ||     8
       Trog's Hand       |       |       |       |       |     7 |       ||     7
  Use: Scroll            |     4 |     9 |     3 |    13 |     8 |     1 ||    38
       Potion            |       |     2 |     1 |     4 |     4 |     3 ||    14
 Stab: Petrified         |       |       |       |     4 |       |       ||     4
Armor: Animal skin       |    14 |       |       |       |       |       ||    14
       Chain mail        |    15 |    49 |    40 |       |       |       ||   104
       Plate armour      |       |       |    58 |   269 |   442 |    31 ||   800
       Skin              |       |       |       |     1 |       |       ||     1
Dodge: Dodged            |    46 |    46 |    85 |   154 |   335 |    32 ||   698
Block: Buckler           |       |       |       |       |   219 |    20 ||   239

Table legend:
 A = Non-vault XP
 B = Vault XP
 C = Vault XP percentage of total XP
 D = Non-vault monster count
 E = Vault monster count
 F = Vault count percentage of total count
                 A         B        C        D         E       F
            +---------+---------+-------+---------+---------+-------
      Total |  105689 |   50502 |  32.3 |     536 |     162 |  23.2
            +---------+---------+-------+---------+---------+-------
        D:1 |      39 |       0 |   0.0 |      26 |       0 |   0.0
        D:2 |      66 |       7 |   9.6 |      23 |       6 |  20.7
        D:3 |     164 |       0 |   0.0 |      16 |       0 |   0.0
        D:4 |      99 |     190 |  65.7 |      14 |       4 |  22.2
        D:5 |     852 |       0 |   0.0 |      19 |       0 |   0.0
        D:6 |    1834 |       0 |   0.0 |      39 |       0 |   0.0
        D:7 |    1289 |     208 |  13.9 |      26 |       2 |   7.1
        D:8 |    1263 |     496 |  28.2 |      29 |       1 |   3.3
        D:9 |    2036 |     512 |  20.1 |      18 |       6 |  25.0
       D:10 |    2696 |    2516 |  48.3 |      25 |      11 |  30.6
       D:11 |    3304 |       0 |   0.0 |      10 |       0 |   0.0
       D:12 |    5054 |       0 |   0.0 |      11 |       0 |   0.0
       D:13 |    9116 |       0 |   0.0 |      22 |       0 |   0.0
       D:14 |    7036 |    1434 |  16.9 |      17 |       3 |  15.0
       D:15 |    7281 |    1736 |  19.3 |      19 |       2 |   9.5
     Lair:1 |    5096 |     978 |  16.1 |      22 |       2 |   8.3
     Lair:2 |    3406 |       0 |   0.0 |      16 |       0 |   0.0
     Lair:3 |    8293 |     250 |   2.9 |      26 |       1 |   3.7
     Lair:4 |    2658 |    3859 |  59.2 |      10 |       7 |  41.2
     Lair:5 |    8811 |   12486 |  58.6 |      31 |      43 |  58.1
   Shoals:1 |   14756 |    7127 |  32.6 |      33 |       8 |  19.5
   Shoals:2 |   15927 |    3192 |  16.7 |      27 |       2 |   6.9
      Orc:1 |    2822 |       0 |   0.0 |      45 |       0 |   0.0
      Orc:2 |    1791 |   15511 |  89.6 |      12 |      64 |  84.2
            +---------+---------+-------+---------+---------+-------
